 Dungeon Sprint DCSS version 0.29-a0-414-g5075937ec3 (webtiles) character file.

Game seed: 10537738814085204562

211758 mhtbhm the Axe Maniac (level 16, -29/183 HPs)
             Began as a Minotaur Berserker on May 15, 2022.
             Was the Champion of Trog.
             Annihilated by Dispater
             ... wielding the +4 staff of Dispater
              (43 damage)
             ... in the Dungeon (Sprint III: "The Ten Rune Challenge").
             The game lasted 00:34:41 (15243 turns).

mhtbhm the Axe Maniac (Minotaur Berserker)         Turns: 15243, Time: 00:34:42

Health: -29/183    AC: 38    Str: 36    XL:     16   Next: 92%
Magic:  18/18      EV: 16    Int:  4    God:    Trog [******]
Gold:   1817       SH:  5    Dex: 11    Spells: 15/15 levels left

rFire   + + .      SeeInvis +   e - +1 trishula (holy)
rCold   + + +      Faith    .   (no shield)
rNeg    + . .      Spirit   .   b - +7 gold dragon scales
rPois   +          Reflect  +   P - -2 hat of the Alchemist {rElec rPois rF+ rC+ rN+ Will+ rMut rCorr}
rElec   +          Harm     +   M - +0 cloak
rCorr   +          Rampage  .   N - +0 pair of gloves
rMut    +          Clarity  +   S - +0 pair of boots "Cyacroal" {Harm Slay+5}
Will    +++++      NoTele   +   s - amulet "Analag" {Reflect rPois rC++ Str+8 Dex-4 SH+5}
Stlth   ..........              t - ring of Asumenuw {rElec rPois Will+ SInv}
HPRegen 1.40/turn               x - ring of Totogeh {rPois rC+ rCorr Dex+3}
MPRegen 0.16/turn

@: strong-willed, on berserk cooldown, regenerating, slowed, studying 2 skills,
very slow
A: horns 2, retaliatory headbutt, clarity, electricity resistance
}: 4/10 runes: serpentine, barnacled, silver, demonic
a: Renounce Religion, Berserk, Trog's Hand, Brothers in Arms


You were in the Dungeon.
You worshipped Trog.
Trog was exalted by your worship.
You visited 1 branch You collected 5487 gold pieces.
You spent 3670 gold pieces at shops.

Inventory:

Hand Weapons
 a - a +3 vorpal executioner's axe
 e - a +1 trishula of holy wrath (weapon)
 q - a +2 broad axe of flaming
 B - a +6 vampiric battleaxe
 K - the +13 battleaxe "Xunuj" {vorpal, Dex+5}
   (Trog gifted it to you in the Dungeon)

   It inflicts extra damage upon your enemies.
   Dex:       It affects your dexterity (+5).
Missiles
 l - 6 javelins
 r - 5 curare-tipped darts (quivered)
 A - 4 silver boomerangs
 O - 18 silver javelins
Armour
 b - +7 gold dragon scales (worn)
 o - the +18 shield of the Gong {rElec rN+ Will+ EV-5}
   (You acquired it in the Dungeon)

   It is deafeningly noisy when blocking attacks.
   EV:        It affects your evasion (-5).
   rElec:     It insulates you from electricity.
   rN:        It protects you from negative energy.
   Will:      It increases your willpower.
 y - a +1 tower shield of reflection
 F - a +1 hat of stealth
 M - a +0 cloak (worn)
 N - a +0 pair of gloves (worn)
 P - the -2 hat of the Alchemist (worn) {rElec rPois rF+ rC+ rN+ Will+ rMut rCorr}
   (You found it in the Dungeon)

   rF:        It protects you from fire.
   rC:        It protects you from cold.
   rElec:     It insulates you from electricity.
   rPois:     It protects you from poison.
   rN:        It protects you from negative energy.
   rCorr:     It protects you from acid and corrosion.
   rMut:      It protects you from mutation.
   Will:      It increases your willpower.
 S - the +0 pair of boots "Cyacroal" (worn) {Harm Slay+5}
   (You found it in the Dungeon)

   Slay:      It affects your accuracy & damage with ranged weapons and melee
   (+5).
   Harm:      It increases damage dealt and taken.
 Y - the +3 Mad Mage's Maulers {Infuse+∞ RegenMP Int-3}
   (You found it in the Dungeon)

   It empowers its wearer's blows with all of their magic.
   It causes its wearer's magical reserves to regenerate more quickly.
   Int:       It affects your intelligence (-3).
 Z - the +1 pair of gloves of Subjectivity {rPois rC+ rN+}
   (You found it in the Dungeon)

   rC:        It protects you from cold.
   rPois:     It protects you from poison.
   rN:        It protects you from negative energy.
Jewellery
 s - the amulet "Analag" (around neck) {Reflect rPois rC++ Str+8 Dex-4 SH+5}
   (You bought it in a shop in the Dungeon)

   [amulet of reflection]

   It reflects blocked missile attacks.
   Str:       It affects your strength (+8).
   Dex:       It affects your dexterity (-4).
   rC:        It greatly protects you from cold.
   rPois:     It protects you from poison.
   SH:        It affects your SH (+5).
 t - the ring of Asumenuw (left hand) {rElec rPois Will+ SInv}
   (You acquired it in the Dungeon)

   [ring of poison resistance]

   rElec:     It insulates you from electricity.
   rPois:     It protects you from poison.
   SInv:      It lets you see invisible.
   Will:      It increases your willpower.
 x - the ring of Totogeh (right hand) {rPois rC+ rCorr Dex+3}
   (You found it in the Dungeon)

   [ring of poison resistance]

   Dex:       It affects your dexterity (+3).
   rC:        It protects you from cold.
   rPois:     It protects you from poison.
   rCorr:     It protects you from acid and corrosion.
 L - the ring "Hankamn" {Wiz rF- rN+ Str+2 Int+2}
   (You found it in the Dungeon)

   [ring of wizardry]

   It improves your spell success rate.
   Str:       It affects your strength (+2).
   Int:       It affects your intelligence (+2).
   rF:        It makes you vulnerable to fire.
   rN:        It protects you from negative energy.
 Q - the amulet of Vitality {Regen+ HP+15}
   (You took it off a deep elf death mage in the Dungeon)

   [amulet of regeneration]

   HP:        It affects your health (+15).
   Regen:     It increases your rate of health regeneration.
 T - a ring of flight
 X - a ring of protection from fire
Wands
 n - a wand of flame (8)
 u - a wand of digging (3)
 w - a wand of acid (19)
 z - a wand of paralysis (8)
 J - a wand of mindburst (18)
 W - a wand of iceblast (5)
Scrolls
 h - 5 scrolls of blinking
 k - a scroll of poison
 H - 5 scrolls of identify
Potions
 c - 8 potions of curing
 d - a potion of heal wounds
 f - 2 potions of magic
 g - a potion of berserk rage
 j - 4 potions of mutation
 m - 4 potions of flight
 p - a potion of lignification
 C - a potion of attraction
 D - a potion of might
 E - 3 potions of invisibility
Miscellaneous
 i - a phantom mirror
 v - a box of beasts
 I - a lightning rod (4/4)
 U - a condenser vane
 V - the horn of Geryon


   Skills:
 O Level 27 Fighting
 - Level 5.4(6.5) Short Blades
 - Level 6.0(7.1) Long Blades
 O Level 27 Axes
 - Level 6.0(19.2) Maces & Flails
 * Level 12.9(21.8) Polearms
 - Level 6.0(11.0) Staves
 - Level 5.4(6.6) Slings
 - Level 5.4 Bows
 - Level 5.4 Crossbows
 - Level 5.1(6.0) Throwing
 O Level 27 Armour
 * Level 24.6 Dodging
 - Level 7.1 Stealth
 + Level 15.5 Shields
 - Level 5.0 Unarmed Combat
 - Level 4.5 Invocations
 * Level 20.4 Evocations


You had 15 spell levels left.
You didn't know any spells.
Your spell library was empty.

Dungeon Overview and Level Annotations

Branches:
Dungeon (1/1)

Altars:
Cheibriados
Dithmenos
Elyvilon
Fedhas
Gozag
Hepliaklqana
Kikubaaqudgha
Makhleb
Nemelex Xobeh
Okawaru
Qazlal
Ru
Sif Muna
Trog
Uskayaw
Vehumet
Wu Jian
Xom
Yredelemnul
Zin
The Shining One
Beogh
Jiyva
Lugonu

Shops:
D !=[(?=*[![[[?![?*:(((==

Annotations:
D Dispater


Innate Abilities, Weirdness & Mutations

You have a pair of horns on your head.
You reflexively headbutt those who attack you in melee.
You possess an exceptional clarity of mind.
You are resistant to electric shocks. (rElec)


Message History

You impale Dispater!!
Dispater convulses!!
You headbutt Dispater, but do no damage.
Dispater is heavily wounded.
You barely miss Dispater. You headbutt Dispater!
Dispater is heavily wounded.
You impale Dispater!!
Dispater convulses!!!
You headbutt Dispater!
Dispater is severely wounded.
Dispater gestures at you. The iron shot hits you!
* * * LOW HITPOINT WARNING * * *
You hit Dispater but do no damage.
Dispater is severely wounded.
You hit Dispater but do no damage.
Dispater is severely wounded.
Dispater closely misses you. You furiously retaliate!
You headbutt Dispater. You hit Dispater.
Dispater convulses.
Dispater is severely wounded.
You are no longer berserk.
You are exhausted.
You feel yourself slow down.
You hit Dispater.
Dispater convulses.
Dispater is severely wounded.
Dispater hits you with the +4 staff of Dispater!
* * * LOW HITPOINT WARNING * * *
You hit Dispater.
Dispater convulses!
You headbutt Dispater, but do no damage.
Dispater is almost dead.
Dispater hits you but does no damage.
You hit Dispater but do no damage.
Dispater is almost dead.
Dispater hits you with the +4 staff of Dispater!
* * * LOW HITPOINT WARNING * * *
You hit Dispater.
Dispater convulses!
You punch Dispater, but do no damage.
Dispater is almost dead.
Dispater hits you with the +4 staff of Dispater!
* * * LOW HITPOINT WARNING * * *
You puncture Dispater!
Dispater convulses!
Dispater is almost dead.
Dispater hits you with the +4 staff of Dispater!!!
You die...

*,,,,***,,,,* ▓≈≈≈≈≈≈≈≈≈≈≈≈▓
**,,,,,,,,,** ▓≈≈≈≈≈≈≈≈≈≈≈≈▓
**,,,,,,,** ▓≈≈≈≈≈≈≈≈≈≈≈≈▓
***,_,*** ▓≈≈≈≈≈≈≈≈≈≈≈≈▓
***** ▓≈≈≈......≈≈≈▓
▓≈≈..∩∩.∩..≈≈▓
▓▓▓▓▓▓▓▓▓▓▓▓▓▓
##############**************
#.'..#....)@&#*≈,,,,,,,,,,,*
#.#..'..####'#*≈≈,,,,,,*****
#.####..#,,..#*≈≈≈≈,,,,≈≈≈≈*
#.#))##'#,1..#*,≈≈≈≈≈≈≈≈≈≈,*
#.#..#..#1&.:#*,≈≈≈≈≈≈≈≈≈≈,*
#.'..#..#.))φ#*,,,≈≈≈≈≈≈,,,*
######)'######*,,,,,≈≈,,,,,*
##.#.#.)#.#.##*,,,,,,,,,,,,*
#.....)))....#*8,,,,,,,,,,8*


You could see Dispater.

Vanquished Creatures
  Mara (D)
  Boris (D)
  Frederick (D)
  Sigmund (D)
  Geryon (D)
  Nikola (D)
  2 golden dragons (D)
  2 bone dragons (D)
  Nellie (D)
  An iron giant (D)
  Rupert (D)
  A lich (D)
  3 Hell Sentinels (D)
  A deep elf master archer (D)
  Gastronok (D)
  A kraken (D)
  An ancient champion (D)
  Chuck (D)
  An Executioner (D)
  A storm dragon (D)
  2 shadow dragons (D)
  A nagaraja (D)
  A draconian knight (D)
  Roxanne (D)
  A frost giant (D)
  4 azure jellies (D)
  2 fire giants (D)
  An iron dragon (D)
  4 stone giants (D)
  4 war gargoyles (D)
  Nessos (D)
  Azrael (D)
  6 vampire knights (D)
  3 deep elf annihilators (D)
  2 dire elephants (D)
  A fire dragon (D)
  2 deep elf death magi (D)
  A mummy priest (D)
  4 yaktaur captains (D)
  15 vault guards (D)
  Erolcha (D)
  2 hell beasts (D)
  2 hydras (D)
  4 anacondas (D)
  A two-headed ogre (shapeshifter) (D)
  A naga warrior (D)
  An ogre mage (D)
  2 centaur warriors (D)
  2 iron elementals (D)
  2 alligator snapping turtles (D)
  4 dancing weapons (D)
  4 death yaks (D)
  3 orc high priests (D)
  Urug (D)
  2 soul eaters (D)
  2 sun demons (D)
  4 deep elf knights (D)
  A shadow wraith (D)
  2 golden dragon zombies (D)
  7 skeletal warriors (D)
  A death drake (D)
  A spriggan druid (D)
  3 anaconda zombies (D)
  An orange crystal statue (D)
  A lindwurm (shapeshifter) (D)
  2 orc knights (D)
  A lindwurm (D)
  A deep elf pyromancer (D)
  An obsidian statue (D)
  An orc sorcerer (D)
  2 oklob plants (D)
  4 deep elf zephyrmancers (D)
  7 ugly things (D)
  4 crystal guardians (D)
  A faun (shapeshifter) (D)
  2 elephants (D)
  A molten gargoyle (D)
  8 statues (D)
  A guardian serpent (D)
  3 rust devils (D)
  Edmund (D)
  4 black mambas (D)
  2 cane toads (D)
  A komodo dragon (D)
  2 ice devils (D)
  13 yaktaurs (D)
  A rime drake (D)
  An anaconda simulacrum (D)
  5 guardian mummies (D)
  3 wandering mushrooms (D)
  4 spriggan defenders (D)
  A meliai (shapeshifter) (D)
  A queen bee (D)
  2 tyrant leeches (D)
  3 hornets (D)
  4 snapping turtles (D)
  8 blink frogs (D)
  9 slime creatures (D)
  A shadow (D)
  2 spriggans (D)
  5 redbacks (D)
  A spatial vortex (D)
  2 iron troll simulacra (D)
  2 nagas (D)
  2 water moccasins (D)
  A hydra simulacrum (D)
  A swamp drake (D)
  A floating eye (D)
  A black mamba simulacrum (D)
  3 two-headed ogres (D)
  A scorpion (D)
  A necrophage (D)
  A water elemental (D)
  32 killer bees (D)
  5 electric eels (D)
  A jelly (D)
  6 orc priests (D)
  Jessica (D)
  2 necromancers (D)
  3 orc wizards (D)
  A polar bear simulacrum (D)
  A wolf simulacrum (D)
  3 humans (D)
  A kobold demonologist (D)
  5 adders (D)
  An adder simulacrum (D)
  8 orcs (D)
  An endoplasm (D)
  A ball python zombie (D)
  A quokka zombie (D)
  2 rats (D)
  3 bushes (D)
  6 butterflies (D)
  3 plants (D)
  5 tentacles (D)
357 creatures vanquished.

Vanquished Creatures (collateral kills)
  Mennas (D)
  A quicksilver dragon (D)
  A deep elf annihilator (D)
  An iron golem (D)
  A vault guard (D)
  2 two-headed ogres (D)
7 creatures vanquished.

Vanquished Creatures (others)
  A wizard (D)
  4 ball lightnings (D)
  4 ballistomycete spores (D)
  A bush (D)
  2 fungi (D)
  18 plants (D)
  2 tentacles (D)
32 creatures vanquished.

Grand Total: 396 creatures vanquished

Notes
Turn   | Place    | Note
-------+----------+-------------------------------------------
     0 | D        | mhtbhm the Minotaur Berserker began the quest for the Orb.
     0 | D        | Reached XP level 1. HP: 19/19 MP: 0/0
    37 | D        | Noticed Jessica
    38 | D        | Reached ** piety under Trog
    42 | D        | Killed Jessica
    43 | D        | Reached skill level 5 in Fighting
    43 | D        | Reached skill level 5 in Axes
    43 | D        | Reached XP level 2. HP: 11/30 MP: 1/1
    43 | D        | Reached XP level 3. HP: 14/37 MP: 2/2
   269 | D        | Noticed a scorpion
   274 | D        | Killed a scorpion
   275 | D        | Reached XP level 4. HP: 47/47 MP: 3/3
   320 | D        | Gained mutation: You have large cloven feet. [potion of
                  | mutation]
   326 | D        | Lost mutation: You have large cloven feet. [potion of
                  | mutation]
   326 | D        | Gained mutation: You are resistant to electric shocks.
                  | (rElec) [potion of mutation]
   326 | D        | Gained mutation: You possess an exceptional clarity of
                  | mind. [potion of mutation]
   332 | D        | Noticed a water elemental
   338 | D        | Killed a water elemental
   338 | D        | Reached *** piety under Trog
   339 | D        | Reached XP level 5. HP: 38/56 MP: 4/4
   503 | D        | Found a basalt altar of Yredelemnul.
   503 | D        | Found a shadowy altar of Dithmenos.
   503 | D        | Found a sacrificial altar of Ru.
   515 | D        | Reached skill level 10 in Axes
   515 | D        | Reached skill level 5 in Armour
   515 | D        | Reached skill level 5 in Dodging
   644 | D        | Found a hide-covered altar of Uskayaw.
   644 | D        | Found an iron altar of Okawaru.
   644 | D        | Found a bloodstained altar of Trog.
   644 | D        | Found an ornate altar of the Wu Jian Council.
   644 | D        | Noticed a human
   644 | D        | Noticed a human
   645 | D        | Found a glowing silver altar of Zin.
   645 | D        | Found a glowing golden altar of the Shining One.
   645 | D        | Found a white marble altar of Elyvilon.
   645 | D        | Noticed a deep elf pyromancer
   651 | D        | Killed a deep elf pyromancer
   651 | D        | Reached **** piety under Trog
   652 | D        | Reached skill level 1 in Stealth
   652 | D        | Reached XP level 6. HP: 32/70 MP: 5/5
   652 | D        | Reached XP level 7. HP: 34/75 MP: 6/6
   658 | D        | Killed a human
   662 | D        | Killed a human
   905 | D        | Found a radiant altar of Vehumet.
   905 | D        | Found a shimmering blue altar of Sif Muna.
   905 | D        | Found an ancient bone altar of Kikubaaqudgha.
   915 | D        | Noticed a hellwing
  1229 | D        | Noticed a shadow
  1242 | D        | Killed a shadow
  1242 | D        | Reached ***** piety under Trog
  1243 | D        | Reached XP level 8. HP: 70/86 MP: 7/7
  1398 | D        | Found a blossoming altar of Fedhas.
  1398 | D        | Found a stormy altar of Qazlal.
  1398 | D        | Found a snail-covered altar of Cheibriados.
  1398 | D        | Found a burning altar of Makhleb.
  1398 | D        | Found a shimmering altar of Xom.
  1399 | D        | Found a hazy altar of Hepliaklqana.
  1399 | D        | Found an opulent altar of Gozag.
  1399 | D        | Found a sparkling altar of Nemelex Xobeh.
  1399 | D        | Found a corrupted altar of Lugonu.
  1399 | D        | Found a viscous altar of Jiyva.
  1523 | D        | Noticed a two-headed ogre
  1636 | D        | Killed a two-headed ogre
  1637 | D        | Reached skill level 15 in Axes
  1867 | D        | Noticed a two-headed ogre
  1867 | D        | Noticed Erolcha
  1872 | D        | Killed Erolcha
  1873 | D        | Reached skill level 15 in Fighting
  1873 | D        | Reached XP level 9. HP: 97/97 MP: 8/8
  1878 | D        | Killed a two-headed ogre
  1884 | D        | Reached skill level 1 in Evocations
  2215 | D        | Noticed a wandering mushroom
  2243 | D        | Noticed an orc knight
  2245 | D        | Noticed an orc high priest
  2253 | D        | Killed an orc knight
  2253 | D        | Reached ****** piety under Trog
  2254 | D        | Reached skill level 10 in Dodging
  2254 | D        | Noticed an orc sorcerer
  2254 | D        | Received a gift from Trog
  2264 | D        | Killed an orc sorcerer
  2268 | D        | Killed an orc high priest
  2268 | D        | Received a gift from Trog
  2269 | D        | Reached XP level 10. HP: 106/108 MP: 9/9
  2270 | D        | Found Yxifibb's General Store.
  2270 | D        | Noticed an orc high priest
  2273 | D        | Noticed a rust devil
  2277 | D        | Received a gift from Trog
  2281 | D        | Killed an orc high priest
  2452 | D        | Bought a scroll of blinking for 105 gold pieces
  2452 | D        | Bought a scroll of magic mapping for 49 gold pieces
  2497 | D        | Noticed a deep elf zephyrmancer
  2497 | D        | Noticed a deep elf zephyrmancer
  2497 | D        | Noticed a deep elf knight
  2497 | D        | Noticed a deep elf zephyrmancer
  2497 | D        | Noticed a deep elf zephyrmancer
  2506 | D        | Killed a deep elf zephyrmancer
  2508 | D        | Killed a deep elf zephyrmancer
  2509 | D        | Noticed a deep elf annihilator
  2512 | D        | Killed a deep elf knight
  2512 | D        | Received a gift from Trog
  2513 | D        | Noticed a deep elf annihilator
  2519 | D        | Killed a deep elf zephyrmancer
  2521 | D        | Killed a deep elf zephyrmancer
  2627 | D        | Received a gift from Trog
  2635 | D        | Reached XP level 11. HP: 108/121 MP: 10/10
  2875 | D        | Reached skill level 5 in Stealth
  3159 | D        | Noticed a lindwurm
  3163 | D        | Killed a lindwurm
  3163 | D        | Received a gift from Trog
  3436 | D        | Noticed Urug
  3441 | D        | Killed Urug
  3945 | D        | Noticed Sigmund
  3945 | D        | Noticed Edmund
  3955 | D        | Killed Edmund
  3960 | D        | Killed Sigmund
  3960 | D        | Received a gift from Trog
  4220 | D        | Noticed an orange crystal statue
  4229 | D        | Killed an orange crystal statue
  4303 | D        | Found Menosimo's General Store.
  4303 | D        | Found Qarchepud's Antique Weapon Shop.
  4303 | D        | Found Fuzxixo's Jewellery Shoppe.
  4303 | D        | Found Fekivaec's Book Emporium.
  4303 | D        | Found Duedd's Jewellery Shop.
  4303 | D        | Found Jiwab's Antique Weapon Emporium.
  4303 | D        | Found Cafo's Weapon Boutique.
  4304 | D        | Found Naur's Magic Scroll Boutique.
  4304 | D        | Found Byumoick's Antique Armour Shoppe.
  4304 | D        | Found Laotum's Distillery.
  4304 | D        | Found Fuaticweg's Magic Scroll Emporium.
  4334 | D        | Bought the amulet "Analag" {Reflect rPois rC++ Str+8 Dex-4
                  | SH+5} for 738 gold pieces
  4344 | D        | Bought a scroll of blinking for 90 gold pieces
  4351 | D        | Bought a scroll of acquirement for 728 gold pieces
  4351 | D        | Acquired the ring of Asumenuw {rElec rPois Will+ SInv}
  4362 | D        | Noticed a crystal guardian
  4362 | D        | Noticed a crystal guardian
  4362 | D        | Noticed a crystal guardian
  4401 | D        | Killed a crystal guardian
  4423 | D        | Killed a crystal guardian
  4424 | D        | Reached XP level 12. HP: 95/134 MP: 11/11
  4429 | D        | Received a gift from Trog
  4880 | D        | Noticed a centaur warrior
  4884 | D        | Killed a centaur warrior
  4884 | D        | Received a gift from Trog
  4939 | D        | Noticed a fire dragon
  4945 | D        | Killed a fire dragon
  5105 | D        | Reached skill level 10 in Armour
  5344 | D        | Noticed a yaktaur captain
  5350 | D        | Noticed a two-headed ogre
  5354 | D        | Killed a two-headed ogre
  5358 | D        | Received a gift from Trog
  5375 | D        | Received a gift from Trog
  5390 | D        | Killed a yaktaur captain
  5669 | D        | Noticed Chuck
  5678 | D        | Killed Chuck
  5685 | D        | Identified the ring of Totogeh {rPois rC+ rCorr Dex+3}
  5807 | D        | Noticed Frederick
  5823 | D        | Killed Frederick
  5824 | D        | Reached XP level 13. HP: 147/147 MP: 12/12
  5926 | D        | Noticed a lich
  5932 | D        | Killed a lich
  5932 | D        | Received a gift from Trog
  6022 | D        | Noticed a shadow dragon
  6023 | D        | Noticed a shadow dragon
  6030 | D        | Killed a shadow dragon
  6032 | D        | Received a gift from Trog
  6033 | D        | Reached skill level 15 in Armour
  6037 | D        | Killed a shadow dragon
  6415 | D        | Noticed a vampire knight
  6420 | D        | Killed a vampire knight
  6548 | D        | Noticed a vampire knight
  6550 | D        | Killed a vampire knight
  6550 | D        | Received a gift from Trog
  6584 | D        | Noticed a bone dragon
  6592 | D        | Killed a bone dragon
  6741 | D        | Noticed a vampire knight
  6743 | D        | Killed a vampire knight
  6753 | D        | Received a gift from Trog
  6756 | D        | Noticed a vampire knight
  6768 | D        | Killed a vampire knight
  6974 | D        | Noticed a bone dragon
  6981 | D        | Killed a bone dragon
  7186 | D        | Received a gift from Trog
  7415 | D        | Noticed Rupert
  7420 | D        | Killed Rupert
  7421 | D        | Reached skill level 27 in Axes
  7590 | D        | Received a gift from Trog
  7601 | D        | Reached XP level 14. HP: 162/162 MP: 13/13
  7615 | D        | Noticed an azure jelly
  7615 | D        | Noticed an azure jelly
  7621 | D        | Received a gift from Trog
  7698 | D        | Noticed a kraken
  7708 | D        | Killed a kraken
  7816 | D        | Received a gift from Trog
  7869 | D        | Found Kebbeiph's Distillery.
  7869 | D        | Found Lapruocs's Jewellery Boutique.
  7869 | D        | Found Wauff's Antique Armour Shop.
  7878 | D        | Got a barnacled rune of Zot
  7885 | D        | Bought a potion of heal wounds for 50 gold pieces
  7936 | D        | Noticed an azure jelly
  7936 | D        | Noticed an azure jelly
  7940 | D        | Noticed Gastronok
  7964 | D        | Killed Gastronok
  7964 | D        | Received a gift from Trog
  8048 | D        | Killed an azure jelly
  8050 | D        | Killed an azure jelly
  8062 | D        | Killed an azure jelly
  8067 | D        | Killed an azure jelly
  8245 | D        | Reached skill level 27 in Fighting
  8378 | D        | Received a gift from Trog
  8453 | D        | Found a blossoming altar of Fedhas.
  8477 | D        | Found the +8 orange crystal plate armour {Archmagi, Int+3
                  | Clar}
  8481 | D        | Received a gift from Trog
  8549 | D        | Received a gift from Trog
  8580 | D        | Noticed a nagaraja
  8582 | D        | Found Zyin Xia's Antique Weapon Shop.
  8582 | D        | Found Janaibb's Magic Scroll Shoppe.
  8584 | D        | Found Fesmagg's Jewellery Boutique.
  8590 | D        | Killed a nagaraja
  8590 | D        | Received a gift from Trog
  8610 | D        | Bought a scroll of blinking for 97 gold pieces
  8626 | D        | Got a serpentine rune of Zot
  8774 | D        | Paralysed by an air elemental for 1 turns
  8905 | D        | Noticed Boris
  8908 | D        | Received a gift from Trog
  8909 | D        | Reached skill level 27 in Armour
  8911 | D        | Reached skill level 1 in Throwing
  8914 | D        | Reached skill level 1 in Short Blades
  8914 | D        | Reached skill level 1 in Long Blades
  8914 | D        | Reached skill level 1 in Maces & Flails
  8914 | D        | Reached skill level 1 in Polearms
  8914 | D        | Reached skill level 1 in Staves
  8914 | D        | Reached skill level 1 in Slings
  8914 | D        | Reached skill level 1 in Bows
  8914 | D        | Reached skill level 1 in Crossbows
  8914 | D        | Reached skill level 1 in Unarmed Combat
  8918 | D        | Killed Boris
  8919 | D        | Reached skill level 1 in Invocations
  8919 | D        | Received a gift from Trog
  9157 | D        | Found Emugite's Distillery.
  9157 | D        | Found Leidachu's Armour Shop.
  9157 | D        | Found Yvupu Vino's Armour Shop.
  9157 | D        | Found Bosur's Armour Shoppe.
  9172 | D        | Bought a potion of heal wounds for 65 gold pieces
  9172 | D        | Bought a potion of heal wounds for 65 gold pieces
  9193 | D        | Identified Roxanne's Almanac of Stones
  9193 | D        | Noticed Roxanne
  9202 | D        | Killed Roxanne
  9203 | D        | Reached XP level 15. HP: 76/174 MP: 15/15
  9462 | D        | Received a gift from Trog
  9480 | D        | Received a gift from Trog
  9678 | D        | Found Laipy's Armour Boutique.
  9691 | D        | Noticed a black draconian knight
  9703 | D        | Identified the +11 battleaxe of Gymoe {flame, rElec Str+4
                  | Int-4 SInv} (Trog gifted it to you in the Dungeon)
  9703 | D        | Received a gift from Trog
  9704 | D        | Killed a black draconian knight
  9705 | D        | Reached skill level 5 in Maces & Flails
  9705 | D        | Reached skill level 5 in Polearms
  9705 | D        | Reached skill level 5 in Staves
  9872 | D        | Upgraded the game from 0.29-a0-409-gd843f3a48c to
                  | 0.29-a0-414-g5075937ec3
  9927 | D        | Noticed an Executioner
  9929 | D        | Killed an Executioner
  9930 | D        | Reached skill level 5 in Long Blades
  9950 | D        | Noticed Nessos
  9956 | D        | Reached skill level 5 in Evocations
  9967 | D        | Killed Nessos
  9967 | D        | Received a gift from Trog
 10280 | D        | Reached skill level 5 in Slings
 10282 | D        | Reached skill level 5 in Short Blades
 10282 | D        | Reached skill level 5 in Bows
 10282 | D        | Reached skill level 5 in Crossbows
 10297 | D        | Noticed Nikola
 10297 | D        | Noticed a storm dragon
 10302 | D        | Killed a storm dragon
 10305 | D        | Killed Nikola
 10305 | D        | Identified the +13 battleaxe "Xunuj" {vorpal, Dex+5} (Trog
                  | gifted it to you in the Dungeon)
 10305 | D        | Received a gift from Trog
 10306 | D        | Reached skill level 5 in Throwing
 10597 | D        | Reached skill level 5 in Unarmed Combat
 10609 | D        | Received a gift from Trog
 10733 | D        | Reached skill level 15 in Dodging
 10989 | D        | Noticed Mennas
 11007 | D        | Killed Mennas
 11007 | D        | Received a gift from Trog
 11806 | D        | Noticed Mara
 11815 | D        | Killed Mara
 11816 | D        | Reached skill level 10 in Evocations
 12047 | D        | Noticed a golden dragon
 12047 | D        | Noticed a fire giant
 12047 | D        | Noticed a fire giant
 12047 | D        | Noticed a quicksilver dragon
 12047 | D        | Noticed a frost giant
 12052 | D        | Noticed a golden dragon
 12060 | D        | Received a gift from Trog
 12068 | D        | Killed a fire giant
 12070 | D        | Killed a golden dragon
 12083 | D        | Received a gift from Trog
 12093 | D        | Killed a quicksilver dragon
 12102 | D        | Reached XP level 16. HP: 79/183 MP: 18/18
 12113 | D        | Killed a golden dragon
 12162 | D        | Received a gift from Trog
 12383 | D        | Reached skill level 15 in Evocations
 12612 | D        | Received a gift from Trog
 12763 | D        | Identified the +0 pair of boots "Cyacroal" {Harm Slay+5}
 12788 | D        | Got a silver rune of Zot
 13262 | D        | Noticed Azrael
 13268 | D        | Killed Azrael
 13292 | D        | Received a gift from Trog
 13365 | D        | Acquired 898 gold pieces
 13401 | D        | Acquired 816 gold pieces
 13405 | D        | Acquired the +18 shield of the Gong {rElec rN+ Will+ EV-5}
 13405 | D        | Found the +18 shield of the Gong {rElec rN+ Will+ EV-5}
 13424 | D        | Bought a scroll of blinking for 105 gold pieces
 13424 | D        | Bought a scroll of blinking for 105 gold pieces
 13427 | D        | Bought a potion of curing for 39 gold pieces
 13427 | D        | Bought 2 potions of curing for 78 gold pieces
 13427 | D        | Bought a potion of might for 52 gold pieces
 13427 | D        | Bought a potion of mutation for 104 gold pieces
 13440 | D        | Bought a scroll of enchant armour for 90 gold pieces
 13579 | D        | Bought a scroll of acquirement for 676 gold pieces
 13579 | D        | Bought a scroll of enchant weapon for 97 gold pieces
 13579 | D        | Bought a scroll of enchant armour for 97 gold pieces
 13580 | D        | Acquired 840 gold pieces
 13702 | D        | Bought 2 potions of mutation for 160 gold pieces
 13702 | D        | Bought a potion of invisibility for 80 gold pieces
 13828 | D        | Identified the +6 double sword "Ririejur" {venom, Int+4
                  | Dex+2 SInv}
 13828 | D        | Noticed a deep elf master archer
 13831 | D        | Killed a deep elf master archer
 13944 | D        | Identified the ring "Mauhusur" {rPois Str+4}
 13946 | D        | Identified the +12 chain mail "Addex" {rC+ Int+2}
 14048 | D        | Received a gift from Trog
 14053 | D        | Received a gift from Trog
 14061 | D        | Received a gift from Trog
 14067 | D        | Received a gift from Trog
 14248 | D        | Noticed Nellie
 14257 | D        | Killed Nellie
 14260 | D        | Got a demonic rune of Zot
 14408 | D        | Noticed an ancient champion
 14408 | D        | Found the -2 hat of the Alchemist {rElec rPois rF+ rC+ rN+
                  | Will+ rMut rCorr}
 14411 | D        | Killed an ancient champion
 14411 | D        | Received a gift from Trog
 14412 | D        | Identified the ring "Hankamn" {Wiz rF- rN+ Str+2 Int+2}
 14518 | D        | Noticed Geryon
 14525 | D        | Received a gift from Trog
 14526 | D        | Reached skill level 10 in Shields
 14529 | D        | Reached skill level 10 in Polearms
 14551 | D        | Killed Geryon
 14551 | D        | Received a gift from Trog
 14782 | D        | Noticed an iron giant
 14786 | D        | Killed an iron giant
 14828 | D        | Received a gift from Trog
 15151 | D        | Found the +3 Mad Mage's Maulers {Infuse+∞ RegenMP Int-3}
 15153 | D        | Noticed a Hell Sentinel
 15163 | D        | Killed a Hell Sentinel
 15167 | D        | Identified the +1 pair of gloves of Subjectivity {rPois rC+
                  | rN+}
 15207 | D        | Noticed a Hell Sentinel
 15207 | D        | Found the +4 staff of Dispater
 15207 | D        | Noticed Dispater
 15207 | D        | Found the +13 scythe of Curses {drain, Drain}
 15207 | D        | Noticed a Hell Sentinel
 15218 | D        | Killed a Hell Sentinel
 15218 | D        | Identified the +5 war axe of the Poles {antimagic, Fly
                  | Stlth+} (Trog gifted it to you in the Dungeon)
 15218 | D        | Received a gift from Trog
 15219 | D        | Reached skill level 15 in Shields
 15222 | D        | Killed a Hell Sentinel
 15243 | D        | Annihilated by Dispater

Illustrated notes

Levels and vault maps discovered:
D:        dungeon_sprint_mu [sprint_mu_entry_forest, sprint_mu_temple_rooms,
          sprint_mu_d1_spiders, sprint_mu_d2_genie, sprint_mu_d3_branching,
          sprint_mu_orc_legion, sprint_mu_elf_gauntlet, sprint_mu_hive_nellie,
          sprint_mu_lair_fedhas, sprint_mu_vaults_butterflies,
          sprint_mu_slime_circle, sprint_mu_shoals_kraken,
          sprint_mu_snake_twists, sprint_mu_blade_basic,
          sprint_mu_crypt_chambers, sprint_mu_tomb_spiral,
          sprint_mu_vestibule_basic, sprint_mu_gehenna_hellfire,
          sprint_mu_dis_giant, sprint_mu_tartarus_statrot,
          sprint_mu_cocytus_islands, sprint_mu_zot1]

Skill      XL: |  1  2  3  4  5  6  7  8  9 10 11 12 13 14 15 16 |
---------------+-------------------------------------------------+-----
Fighting       | 5 7 8 11 13 15 16 18 20 22 25 27 | 27.0
Axes           | 5 7 8 12 14 16 17 19 23 26 27 | 27.0
Armour         | 3 4 6 7 8 9 13 20 27 | 27.0
Dodging        | 3 4 6 7 9 10 12 13 14 20 24 | 24.6
Stealth        | 1 2 3 4 6 7 |  7.1
Evocations     | 1 2 3 4 13 20 | 20.4
Throwing       | 3 5 |  5.1
Short Blades   | 3 5 |  5.4
Long Blades    | 3 6 |  6.0
Maces & Flails | 3 6 |  6.0
Polearms       | 3 6 12 | 12.9
Staves         | 3 6 |  6.0
Slings         | 3 5 |  5.4
Bows           | 3 5 |  5.4
Crossbows      | 3 5 |  5.4
Unarmed Combat | 2 5 |  5.0
Invocations    | 2 4 |  4.5
Shields        | 15 | 15.5

Action                   |  1- 3 |  4- 6 |  7- 9 | 10-12 | 13-15 | 16-18 || total
-------------------------+-------+-------+-------+-------+-------+-------++-------
Melee: Hand axe          |     9 |    25 |    99 |    12 |       |       ||   145
       Headbutt          |       |     6 |    16 |    30 |   107 |    57 ||   216
       Punch             |       |     1 |     3 |       |       |     3 ||     7
       Executioner's axe |       |       |       |   193 |   320 |   177 ||   690
       Battleaxe         |       |       |       |       |   153 |       ||   153
       Trishula          |       |       |       |       |       |    30 ||    30
Throw: Dart              |       |       |       |       |     1 |     5 ||     6
Invok: Berserk           |     2 |     2 |     4 |     8 |    11 |     3 ||    30
       Brothers in Arms  |       |       |       |       |     3 |     1 ||     4
       Trog's Hand       |       |       |       |       |     1 |     1 ||     2
Evoke: Phantom mirror    |       |       |     4 |     1 |     1 |     4 ||    10
       Wand              |       |       |       |       |       |     7 ||     7
       Condenser vane    |       |       |       |       |       |     3 ||     3
       Box of beasts     |       |       |       |       |       |     1 ||     1
  Use: Potion            |       |     3 |       |     1 |     4 |     2 ||    10
       Scroll            |       |       |       |     4 |     2 |    18 ||    24
 Stab: Sleeping          |       |       |       |     4 |       |       ||     4
       Distracted        |       |       |       |       |       |     1 ||     1
Armor: Animal skin       |     1 |       |       |       |       |       ||     1
       Robe              |       |       |     3 |     5 |       |       ||     8
       Leather armour    |       |       |     1 |       |       |       ||     1
       Gold dragon scale |       |       |       |    19 |   293 |    94 ||   406
Dodge: Dodged            |     2 |     5 |    36 |    57 |   220 |    81 ||   401
Block: Other             |       |       |       |     8 |    74 |    34 ||   116
       Reflection        |       |       |       |       |     3 |     6 ||     9

Table legend: (Time is in decaauts) A = Elapsed time spent in this place. B = Non-inter-level travel time spent in this place. C = Inter-level travel time spent in this place. D = Time resting spent in this place. E = Time spent auto-exploring this place. F = Levels seen in this place. G = Mean time per level. A B C D E F G +--------+--------+--------+--------+--------+-----+--------+ Total | 15262 | 14693 | 569 | 10480 | 40 | 1 | 15262.0 | Dungeon | 15262 | 14693 | 569 | 10480 | 40 | 1 | 15262.0 | +--------+--------+--------+--------+--------+-----+--------+

Top non-repeatable levels by time:
       D: 15262 daAuts
